 Dungeon Crawl Stone Soup version 0.30-a0-46-g5a63ccc183 (webtiles) character file.

Game seed: 8233510979460448788

96 porpoise the Trooper (level 4, -1/35 HPs)
             Began as a Djinni Hedge Wizard on Sept 1, 2022.
             Slain by a gnoll
             ... wielding a +0 spear
              (6 damage)
             ... on level 3 of the Dungeon on Sept 2, 2022.
             The game lasted 00:11:02 (4159 turns).

porpoise the Trooper (Djinni Hedge Wizard)          Turns: 4159, Time: 00:11:03

Health: -1/35      AC:  3    Str:  9    XL:     4   Next: 98%
Gold:   111        EV: 12    Int: 18    God:
                   SH:  0    Dex: 18

rFire   + + .      SeeInvis .    a - +0 dagger
rCold   x . .      Faith    .    (no shield)
rNeg    . . .      Spirit   .    b - +0 robe
rPois   ∞          Reflect  .    j - +0 helmet
rElec   .          Harm     .    (no cloak)
rCorr   .          Rampage  .    (no gloves)
Will    .....                    (boots unavailable)
Stlth   ++........               (no amulet)
HPRegen 0.11/turn                i - +6 ring of dexterity
MPRegen 0.00/turn                (no ring)

@: flying
A: sickness immunity, fire resistance 2, cold vulnerability 1, float, innate
caster, HP casting, extra vitality 1
a: no special abilities


You were on level 3 of the Dungeon.
You visited 1 branch of the dungeon, and saw 3 of its levels.

You collected 111 gold pieces.

Inventory:

Hand Weapons
 a - a +0 dagger (weapon)
Missiles
 l - 5 boomerangs
Armour
 b - a +0 robe (worn)
 j - a +0 helmet (worn)
Magical Staves
 d - a staff of poison
Jewellery
 i - a +6 ring of dexterity (left hand)
Scrolls
 c - a scroll of teleportation {unknown}
 f - 2 scrolls of blinking {unknown}
 g - a scroll of butterflies {unknown}
 k - 3 scrolls of fear {unknown}
 m - a scroll of vulnerability {unknown}
 n - 4 scrolls of identify {unknown}
 o - a scroll of noise {unknown}
Potions
 e - 2 potions of mutation {unknown}
 h - a potion of haste {unknown}


   Skills:
 * Level 3.3 Fighting
 - Level 2.1 Dodging
 - Level 1.5 Stealth
 + Level 3.0 Spellcasting


You couldn't memorise any spells.
You knew the following spells:

 Your Spells              Type           Power      Damage    Failure   Level
a - Magic Dart            Conj           52%        1d5       4%          1
b - Blink                 Tloc           26%        N/A       7%          2
c - Call Imp              Summ           13%        N/A       7%          2
d - Slow                  Hex            52%        N/A       4%          1
e - Conjure Flame         Conj/Fire      13%        6-21      14%         3
f - Mephitic Cloud        Conj/Pois/Air  13%        N/A       14%         3
g - Freeze                Ice            52%        1d7       4%          1
Your spell library was empty.

Dungeon Overview and Level Annotations

Branches:
Dungeon (3/15)

Altars:

Annotations:
D:3 2 transporters


Innate Abilities, Weirdness & Mutations

You are immune to sickness and miasma.
You are immune to poison.
Your flesh is very heat resistant. (rF++)
You are vulnerable to cold. (rC-)
You float through the air rather than walking.
You learn spells naturally, not from books.
Your magical power is your life essence.
You have superior vitality. (+4 MHP)


Message History

The gnoll is almost dead.
The gnoll shouts!
The gnoll closely misses you.
Casting: Magic Dart (safe; 4% risk of failure)
Confirm with . or Enter, or press ? or * to list all spells.
Aiming: Magic Dart (safe; 4% risk of failure)
Press: ? - help, Shift-Dir - straight line, f/p - gnoll
Aim: a gnoll, wielding a +0 spear (almost dead, 100% to hit)
The magic dart hits the gnoll but does no damage.
The gnoll is almost dead.
The gnoll hits you from afar with a +0 spear.
* * * LOW HITPOINT WARNING * * *
Casting: Magic Dart (safe; 4% risk of failure)
Confirm with . or Enter, or press ? or * to list all spells.
Aiming: Magic Dart (safe; 4% risk of failure)
Press: ? - help, Shift-Dir - straight line, f/p - gnoll
Aim: a gnoll, wielding a +0 spear (almost dead, 100% to hit)
The magic dart hits the gnoll.
The gnoll is almost dead.
* * * LOW HITPOINT WARNING * * *
A giant cockroach comes into view.
The gnoll hits you from afar with a +0 spear.
* * * LOW HITPOINT WARNING * * *
Your magical contamination has completely faded away.
You aren't carrying any items that you can evoke.
Unknown command.
The gnoll barely misses you.
You hit the gnoll but do no damage.
The gnoll is almost dead.
The gnoll barely misses you.
You barely miss the gnoll.
The gnoll is almost dead.
The gnoll misses you.
You hit the gnoll but do no damage.
The gnoll is almost dead.
The gnoll misses you. The gnoll closely misses you.
You hit the gnoll but do no damage.
The gnoll is almost dead.
The gnoll closely misses you. The gnoll hits you with a +0 spear.
You die...

..!. ©.......Z ...###
######### ###.#
.....©... #.# #########
........ #.# #.......#
#+#..##. #.####.......#
##.#..... ...'.......+
..#.#.....
####.......####.#.#####.
.......@##..............
######gg........#.#.....
#....B........#.#...#.
#.)...........#.#.....
#..............#.......
#..............#.......
#.....<.#.#+#'#....#####
...###....#...#....# ...
#..#####.#.#..#


You could see 2 gnolls and a giant cockroach.

Vanquished Creatures
  A gnoll (D:3)
  2 adders
  A worm (D:3)
  4 dart slugs
  7 ball pythons
  5 bats
  4 endoplasms
  2 giant cockroaches
  3 goblins (D:1)
  6 hobgoblins
  7 jackals
  A kobold (D:1)
  2 quokkas
  6 frilled lizards
  A rat (D:1)
52 creatures vanquished.

Notes
Turn   | Place    | Note
-------+----------+-------------------------------------------
     0 | D:1      | porpoise the Djinni Hedge Wizard began the quest for the
                  | Orb.
     0 | D:1      | porpoise set off with the following spells memorised: Magic
                  | Dart, Blink, Call Imp, Slow, Conjure Flame, Mephitic Cloud.
     0 | D:1      | Reached XP level 1. HP: 15/15 MP: 0/0
    81 | D:1      | Reached skill level 1 in Fighting
   406 | D:1      | Reached XP level 2. HP: 19/22 MP: 0/0
  1272 | D:1      | Reached XP level 3. HP: 25/28 MP: 0/0
  1272 | D:1      | Learned a level 1 spell: Freeze
  2109 | D:2      | Upgraded the game from 0.30-a0-43-gbbf338a72c to
                  | 0.30-a0-46-g5a63ccc183
  2446 | D:2      | Found a faded altar of an unknown god.
  2869 | D:2      | Reached XP level 4. HP: 32/34 MP: 0/0
  4086 | D:3      | Found a transporter.
  4093 | D:3      | Found a transporter.
  4159 | D:3      | Slain by a gnoll

Illustrated notes

Levels and vault maps discovered:
D:1:      dpeg_arrival_oval, layout_basic, nicolae_figureground_sparkle
D:2:      layout_loops_corners, basic_altar, ebering_ecumenical_altar_webs,
          kennysheep_potato
D:3:      layout_basic, gammafunk_temple_of_torment, serial_shops,
          nicolae_lakefront_shop, hangedman_decor_growths,
          kennysheep_nondescript, uniq_natasha

Skill      XL: |  1  2  3  4 |
---------------+-------------+-----
Fighting       | 1 2 3 |  3.3
Spellcasting   | 3 |  3.0
Dodging        | |  2.1
Stealth        | |  1.5

Action                   |  1- 3 |  4- 6 || total
-------------------------+-------+-------++-------
Melee: Dagger            |     8 |    35 ||    43
       Punch             |       |     2 ||     2
 Cast: Magic Dart        |    79 |    45 ||   124
       Freeze            |     9 |       ||     9
       Mephitic Cloud    |       |     2 ||     2
       Call Imp          |       |     2 ||     2
 Stab: Confused          |       |     4 ||     4
       Sleeping          |       |     1 ||     1
Armor: Robe              |     8 |     5 ||    13
Dodge: Dodged            |    25 |    28 ||    53

Table legend: (Time is in decaauts)
 A = Elapsed time spent in this place.
 B = Non-inter-level travel time spent in this place.
 C = Inter-level travel time spent in this place.
 D = Time resting spent in this place.
 E = Time spent auto-exploring this place.
 F = Levels seen in this place.
 G = Mean time per level.
                   A        B        C        D        E       F      G
               +--------+--------+--------+--------+--------+-----+--------+
         Total |   4158 |   4014 |    144 |   1937 |   1731 |   3 | 1386.0 |
       Dungeon |   4158 |   4014 |    144 |   1937 |   1731 |   3 | 1386.0 |
               +--------+--------+--------+--------+--------+-----+--------+

Top non-repeatable levels by time:
     D:1: 2107 daAuts
     D:2: 1550 daAuts
     D:3: 500 daAuts
